 Dungeon Crawl Stone Soup version 0.26-a0-1145-gf5f8a83f67 (webtiles) character file.

Game seed: 9717091180650018721

368 Adamkad1 the Chiller (level 6, 0/44 HPs)
             Began as a Gnoll Ice Elementalist on Dec 22, 2020.
             Was a Follower of Sif Muna.
             Slain by Grinder (9 damage)
             ... while paralysed by Grinder
             ... on level 3 of the Dungeon.
             The game lasted 00:09:22 (3462 turns).

Adamkad1 the Chiller (Gnoll Ice Elementalist)       Turns: 3462, Time: 00:09:23

Health: 0/44       AC:  9    Str: 12    XL:     6   Next: 69%
Magic:  3/14       EV:  2    Int: 18    God:    Sif Muna [*.....]
Gold:   151        SH:  0    Dex: 15    Spells: 4/15 levels left

rFire    . . .     SeeInvis .   m - +0 flail
rCold    . . .     Faith    .   (no shield)
rNeg     . . .     Spirit   .   l - +0 ring mail
rPois    .         Reflect  .   (no helmet)
rElec    .         Harm     .   (no cloak)
rCorr    .         Rampage  .   (no gloves)
Will     .....                  (no boots)
Stlth    ++........             (no amulet)
HPRegen  0.14/turn              (no ring)
MPRegen  0.14/turn              (no ring)

@: paralysed, icy armour, attractive, flying, hasted
A: distributed training, fangs 1, strong nose
a: Renounce Religion, Channel Magic


You were on level 3 of the Dungeon.
You worshipped Sif Muna.
Sif Muna was aware of your devotion.
You visited 1 branch of the dungeon, and saw 4 of its levels.

You collected 151 gold pieces.

Inventory:

Hand Weapons
 m - a +0 flail (weapon)
Armour
 a - a +0 robe
 l - a +0 ring mail (worn)
Wands
 n - a wand of enslavement (5)
 r - a wand of flame (13)
Scrolls
 b - a scroll of teleportation
 f - 5 scrolls of identify
 h - 2 scrolls of noise {unknown}
 i - 3 scrolls of remove curse {unknown}
 j - a scroll of fog {unknown}
 p - a scroll of magic mapping {unknown}
Potions
 k - a potion of brilliance {unknown}
 o - a potion of berserk rage {unknown}
 q - a potion of might {unknown}


   Skills:
 + Level 2.1 Fighting
 + Level 2.1 Short Blades
 + Level 2.1 Long Blades
 + Level 2.1 Axes
 + Level 2.1 Maces & Flails
 + Level 2.1 Polearms
 + Level 2.1 Staves
 + Level 2.1 Slings
 + Level 2.1 Bows
 + Level 2.1 Crossbows
 + Level 2.1 Throwing
 + Level 2.1 Armour
 + Level 5.0 Dodging
 + Level 4.6 Stealth
 + Level 2.1 Shields
 + Level 2.1 Unarmed Combat
 + Level 5.4 Spellcasting
 + Level 1.6 Conjurations
 + Level 1.6 Hexes
 + Level 1.6 Summonings
 + Level 1.6 Necromancy
 + Level 1.6 Translocations
 + Level 1.6 Transmutations
 + Level 1.6 Fire Magic
 + Level 7.3 Ice Magic
 + Level 1.6 Air Magic
 + Level 1.6 Earth Magic
 + Level 1.6 Poison Magic
 + Level 2.3 Invocations
 + Level 2.1 Evocations


You had 4 spell levels left.
You knew the following spells:

 Your Spells              Type           Power        Failure   Level
a - Freeze                Ice            100%         1%          1
b - Frozen Ramparts       Ice            62%          4%          3
c - Ozocubu's Armour      Ice            31%          4%          3
d - Hailstorm             Conj/Ice       21%          41%         4

Your spell library contained the following spells:

 Spells                   Type           Power        Failure   Level
 Summon Ice Beast         Ice/Summ       21%          41%         4


Dungeon Overview and Level Annotations

Branches:
Dungeon (4/15)
 Temple: D:4-7

Altars:
Ru
Sif Muna

Annotations:
D:3 Grinder
D:4 Blork the orc


Innate Abilities, Weirdness & Mutations

Your experience applies equally to all skills.
You have very sharp teeth.
Your uncanny sense of smell can sniff out nearby items.


Message History

It was a potion of haste.
You feel yourself speed up. Grinder gestures at you.
Pain shoots through your body!
* * * LOW HITPOINT WARNING * * *
It was a potion of flight.
You feel very buoyant.
You fly up into the air.
It was a potion of attraction.
You feel attractive to monsters. Grinder gestures at you.
You suddenly lose the ability to move!
Grinder says, "What is the universe for?"
Grinder hits you.
* * * LOW HITPOINT WARNING * * *
You writhe in agony.
* * * LOW HITPOINT WARNING * * *
Grinder gestures at you.
You shrug off the repeated paralysis!
Grinder hits you!
You die...

..##.# #.# #÷#####.#
..##.. ..# ##.#####.#
#.######## #........#
#.## #...#.#..### ...#
#...#....... ...#
###........# ...#
#.........## ...#
#.#...#####
...#######.....5@.#
.).......#..##.##.#
.........#÷.##.##.#.
...........)##.....
.........##.##5##.#..
.#.#####.##....##.#..
.#.†))..............##
####.##...5........#.
.#...##..≈≈........#


You could see Grinder.

Vanquished Creatures
  2 orc priests (D:3)
  2 orc wizards
  Ijyb (D:3)
  Terence (D:2)
  A hound skeleton (D:4)
  A howler monkey skeleton (D:4)
  7 adders
  2 oozes (D:1)
  2 dart slugs
  A leopard gecko (D:2)
  10 orcs
  7 giant cockroaches (D:2)
  12 goblins
  5 hobgoblins
  7 jackals
  2 quokkas (D:2)
  5 bats
  8 frilled lizards
  11 kobolds
  12 rats
99 creatures vanquished.

Vanquished Creatures (collateral kills)
  A rat (D:3)
1 creature vanquished.

Grand Total: 100 creatures vanquished

Notes
Turn   | Place    | Note
-------+----------+-------------------------------------------
     0 | D:1      | Adamkad1 the Gnoll Ice Elementalist began the quest for the
                  | Orb.
     0 | D:1      | Reached XP level 1. HP: 13/13 MP: 6/6
   221 | D:1      | Reached XP level 2. HP: 17/19 MP: 3/7
   579 | D:1      | Reached XP level 3. HP: 25/25 MP: 9/9
   582 | D:1      | Reached skill level 5 in Spellcasting
   632 | D:1      | Learned a level 3 spell: Frozen Ramparts
   646 | D:1      | Learned a level 3 spell: Ozocubu's Armour
   837 | D:1      | Reached skill level 1 in Invocations
   967 | D:2      | Found a shimmering blue altar of Sif Muna.
  1084 | D:2      | Became a worshipper of Sif Muna the Loreminder
  1124 | D:2      | Reached skill level 1 in Fighting
  1124 | D:2      | Reached skill level 1 in Short Blades
  1124 | D:2      | Reached skill level 1 in Long Blades
  1124 | D:2      | Reached skill level 1 in Axes
  1124 | D:2      | Reached skill level 1 in Maces & Flails
  1124 | D:2      | Reached skill level 1 in Polearms
  1124 | D:2      | Reached skill level 1 in Staves
  1124 | D:2      | Reached skill level 1 in Slings
  1124 | D:2      | Reached skill level 1 in Bows
  1124 | D:2      | Reached skill level 1 in Crossbows
  1124 | D:2      | Reached skill level 1 in Throwing
  1124 | D:2      | Reached skill level 1 in Armour
  1124 | D:2      | Reached skill level 1 in Shields
  1124 | D:2      | Reached skill level 1 in Unarmed Combat
  1124 | D:2      | Reached skill level 1 in Evocations
  1165 | D:2      | Reached XP level 4. HP: 31/32 MP: 3/11
  1588 | D:2      | Found a sacrificial altar of Ru.
  1837 | D:2      | Reached skill level 1 in Conjurations
  1837 | D:2      | Reached skill level 1 in Hexes
  1837 | D:2      | Reached skill level 1 in Summonings
  1837 | D:2      | Reached skill level 1 in Necromancy
  1837 | D:2      | Reached skill level 1 in Translocations
  1837 | D:2      | Reached skill level 1 in Transmutations
  1837 | D:2      | Reached skill level 1 in Fire Magic
  1837 | D:2      | Reached skill level 1 in Air Magic
  1837 | D:2      | Reached skill level 1 in Earth Magic
  1837 | D:2      | Reached skill level 1 in Poison Magic
  1939 | D:2      | Noticed Terence
  1944 | D:2      | Killed Terence
  1945 | D:2      | Reached XP level 5. HP: 34/37 MP: 3/12
  2102 | D:2      | You fall into a shaft and drop 2 floors!
  2226 | D:4      | Noticed a phantom
  2241 | D:4      | Noticed Blork the orc
  2249 | D:4      | Found a shimmering blue altar of Sif Muna.
  2478 | D:4      | Learned a level 4 spell: Hailstorm
  2688 | D:3      | Reached * piety under Sif Muna
  2706 | D:3      | Reached XP level 6. HP: 34/44 MP: 5/13
  2721 | D:3      | Reached skill level 5 in Dodging
  3118 | D:3      | Noticed Grinder
  3138 | D:3      | Paralysed by Grinder for 4 turns
  3160 | D:3      | Noticed Ijyb
  3176 | D:3      | Killed Ijyb
  3428 | D:3      | Paralysed by Grinder for 5 turns
  3446 | D:3      | Paralysed by Grinder for 5 turns
  3459 | D:3      | Paralysed by Grinder for 4 turns
  3462 | D:3      | Slain by Grinder

Illustrated notes

Levels and vault maps discovered:
D:1:      co_arrival_random_square_maze, layout_rooms, grunt_decor_arrowhead,
          minmay_tetromino_o4
D:2:      layout_basic, lemuel_round_altar, chequers_ecumenical_altar_grove,
          hangedman_ru_absence, uniq_terence, uniq_sigmund
D:3:      cheibrodos_helix_gallery, layout_loops_cross, uniq_grinder, uniq_ijyb,
          uniq_jessica
D:4:      layout_basic, tgw_sif

Skill      XL: |  1  2  3  4  5  6 |
---------------+-------------------+-----
Spellcasting   | 5 |  5.4
Invocations    | 1 2 |  2.3
Fighting       | 1 2 |  2.1
Short Blades   | 1 2 |  2.1
Long Blades    | 1 2 |  2.1
Axes           | 1 2 |  2.1
Maces & Flails | 1 2 |  2.1
Polearms       | 1 2 |  2.1
Staves         | 1 2 |  2.1
Slings         | 1 2 |  2.1
Bows           | 1 2 |  2.1
Crossbows      | 1 2 |  2.1
Throwing       | 1 2 |  2.1
Armour         | 1 2 |  2.1
Shields        | 1 2 |  2.1
Unarmed Combat | 1 2 |  2.1
Evocations     | 1 2 |  2.1
Conjurations   | 1 |  1.6
Hexes          | 1 |  1.6
Summonings     | 1 |  1.6
Necromancy     | 1 |  1.6
Translocations | 1 |  1.6
Transmutations | 1 |  1.6
Fire Magic     | 1 |  1.6
Air Magic      | 1 |  1.6
Earth Magic    | 1 |  1.6
Poison Magic   | 1 |  1.6
Dodging        | 5 |  5.0
Stealth        | |  4.6
Ice Magic      | |  7.3

Action                   |  1- 3 |  4- 6 || total
-------------------------+-------+-------++-------
Melee: Unarmed           |    12 |    21 ||    33
       Bite              |       |    11 ||    11
       Flail             |       |    36 ||    36
 Cast: Freeze            |    46 |    51 ||    97
       Frozen Ramparts   |     1 |    13 ||    14
       Ozocubu's Armour  |       |     7 ||     7
       Hailstorm         |       |     1 ||     1
Evoke: Wand              |       |     1 ||     1
  Use: Scroll            |       |     2 ||     2
       Potion            |       |     4 ||     4
Armor: Robe              |     5 |     8 ||    13
       Ring mail         |       |    16 ||    16
Dodge: Dodged            |    34 |    88 ||   122

Table legend: (Time is in decaauts)
 A = Elapsed time spent in this place.
 B = Non-inter-level travel time spent in this place.
 C = Inter-level travel time spent in this place.
 D = Time resting spent in this place.
 E = Time spent auto-exploring this place.
 F = Levels seen in this place.
 G = Mean time per level.
                   A        B        C        D        E       F      G
               +--------+--------+--------+--------+--------+-----+--------+
         Total |   3471 |   3415 |     56 |    783 |   1701 |   4 |  867.8 |
       Dungeon |   3471 |   3415 |     56 |    783 |   1701 |   4 |  867.8 |
               +--------+--------+--------+--------+--------+-----+--------+

Top non-repeatable levels by time:
     D:2: 1161 daAuts
     D:1: 939 daAuts
     D:3: 785 daAuts
     D:4: 584 daAuts
